 Dungeon Crawl Stone Soup version 0.31-a0-263-ge8cad7f256 (webtiles) character file.

Game seed: 17033111600727939003

5924 Dittersdorf the Fighter (level 10, 0/66 HPs)
             Began as a Gargoyle Fighter on July 13, 2023.
             Blown up by Maurice (14 damage)
             ... with a mindburst bolt
             ... on level 8 of the Dungeon.
             The game lasted 00:10:04 (7484 turns).

Dittersdorf the Fighter (Gargoyle Fighter)          Turns: 7484, Time: 00:10:05

Health: 0/66       AC: 24    Str: 24    XL:     10   Next: 83%
Magic:  10/10      EV: 10    Int:  9    God:
Gold:   0          SH:  6    Dex: 15    Spells: 9/9 levels left

rFire   . . .        p - +1 whip (drain)
rCold   . . .        c - +0 buckler
rNeg    + . .        z - +3 ring mail
rPois   ∞            r - +1 helmet
rElec   +            (no cloak)
rCorr   .            h - +2 pair of gloves
SInv    .            n - +0 pair of boots
Will    .....        (no amulet)
Stlth   +            g - ring of wizardry
HPRegen 0.31/turn    m - +6 ring of dexterity
MPRegen 0.12/turn

%: wizardry (x1)
@: no status effects
A: sickness immunity, AC +7, negative energy resistance 1, electricity
resistance, torment resistance 1, petrification resistance
a: no special abilities


You were on level 8 of the Dungeon.
You visited 2 branches of the dungeon, and saw 9 of its levels.

Inventory:

Hand Weapons
 p - a +1 whip of draining (weapon)
Missiles
 k - a poisoned dart (quivered)
Armour
 c - a +0 buckler (worn)
 h - a +2 pair of gloves (worn)
 n - a +0 pair of boots (worn)
 r - a +1 helmet (worn)
 z - a +3 ring mail (worn)
Jewellery
 g - a ring of wizardry (left hand)
 m - a +6 ring of dexterity (right hand)
Wands
 b - a wand of flame (39)
 l - a wand of acid (12)
 C - a wand of mindburst (13)
Scrolls
 e - 8 scrolls of teleportation
 j - 4 scrolls of enchant armour
 o - 2 scrolls of blinking
 y - a scroll of fear
 A - 2 scrolls of revelation
Potions
 a - 2 potions of lignification {unknown}
 d - 3 potions of might
 f - 3 potions of haste
 q - a potion of invisibility
 s - 2 potions of curing {unknown}
 t - a potion of ambrosia
 u - a potion of berserk rage
 v - a potion of heal wounds


   Skills:
 + Level 9.4 Fighting
 + Level 8.3 Maces & Flails
 + Level 9.3 Armour
 + Level 9.4 Shields


You had 9 spell levels left.
You didn't know any spells.
Your spell library contained the following spells:

 Spells                   Type           Power      Damage    Failure   Level
 Slow                     Hex            0%         N/A       26%         1
 Confusing Touch          Hex            0%         N/A       58%         3
 Vampiric Draining        Necr           0%         2d6       58%         3


Dungeon Overview and Level Annotations

Branches:
Dungeon (8/15)             Temple (1/1) D:4            Lair (0/5) D:8

Altars:
Dithmenos
Elyvilon
Hepliaklqana
Kikubaaqudgha
Nemelex Xobeh
Qazlal
Ru
Vehumet
The Shining One

Annotations:
D:8 Maurice


Innate Abilities, Weirdness & Mutations

You are immune to sickness and miasma.
Your stone body is resilient. (AC +7)
You are immune to poison.
You resist negative energy. (rN+)
You are resistant to electric shocks. (rElec)
You are resistant to unholy torment.
You are immune to petrification.


Message History

The river rat barely misses you.
You whack Maurice!
Maurice is severely wounded.
Maurice hits you with a +0 short sword.
Maurice steals your +1 flail of holy wrath!
You block the river rat's attack.
You hit Maurice but do no damage.
Maurice is severely wounded.
Maurice hits you but does no damage.
You miss Maurice.
Maurice is severely wounded.
The river rat barely misses you.
You hit Maurice but do no damage.
Maurice is severely wounded.
You block Maurice's attack. The river rat closely misses you.
You hit Maurice.
Maurice is severely wounded.
You block Maurice's attack.
You closely miss Maurice.
Maurice is severely wounded.
The river rat bites you but does no damage.
Maurice hits you but does no damage.
You closely miss Maurice.
Maurice is severely wounded.
The river rat barely misses you.
You hit Maurice.
Maurice is severely wounded.
Maurice zaps a wand.
Your mind is blasted!
* * * LOW HITPOINT WARNING * * *
You barely miss Maurice.
Maurice is severely wounded.
The river rat closely misses you.
Maurice zaps a wand.
Your mind is blasted!
* * * LOW HITPOINT WARNING * * *
You whack Maurice! You drain Maurice.
Maurice is almost dead.
The river rat bites you but does no damage.
You hit Maurice but do no damage.
Maurice is almost dead.
Maurice zaps a wand.
Your mind is blasted!
You die... .#..... .. .#.r.#...#.. .. ##....##.>.... .# ...... #...... .# #.... ....... .# #... .......#.# #rY

....[..r.# #.#
#.#.# #r# ###.#
#.#.# #@# ....#
#.#.# #@##### #...#
#.#.# #.....# #..##
#.#.# #..#### #..#
#.#.# #..# #..#
#.#.######..#
#..####(#.#.......#
.<........#.#####.#
#...........# #...


You could see Maurice (swift, very drained) and 2 river rats.

Vanquished Creatures
  2 two-headed ogres
  3 death yaks (D:7)
  Pikel (D:4)
  Sigmund (D:2)
  Eustachio (D:4)
  A steam dragon (D:6)
  Edmund (D:4)
  2 water moccasins
  A black bear (D:5)
  4 ice beasts
  A sky beast (D:7)
  A phantom (D:6)
  Blork the orc (D:6)
  2 scorpions (D:6)
  A bullfrog (D:7)
  5 killer bees (D:6)
  A howler monkey (D:8)
  2 hounds
  A jelly (D:6)
  2 orc priests (D:4)
  3 iguanas
  A sleepcap (D:5)
  6 orc wizards
  3 hell rats
  Robin (D:3)
  5 adders
  7 gnolls
  2 shadow imps
  2 worms
  2 dart slugs
  23 orcs
  6 endoplasms
  3 giant cockroaches
  15 goblins
  8 hobgoblins
  4 jackals (D:1)
  8 quokkas
  5 ball pythons
  2 bats (D:3)
  A frilled lizard (D:3)
  10 kobolds
  5 rats
156 creatures vanquished.

Notes
Turn   | Place    | Note
-------+----------+-------------------------------------------
     0 | D:1      | Dittersdorf the Gargoyle Fighter began the quest for the
                  | Orb.
     0 | D:1      | Reached XP level 1. HP: 14/14 MP: 1/1
   181 | D:1      | Reached XP level 2. HP: 2/19 MP: 2/2
   873 | D:2      | Reached XP level 3. HP: 15/23 MP: 3/3
   982 | D:2      | Noticed Sigmund
  1001 | D:2      | Found a sacrificial altar of Ru.
  1042 | D:2      | Killed Sigmund
  1043 | D:2      | Reached XP level 4. HP: 11/30 MP: 4/4
  1043 | D:2      | Reached XP level 5. HP: 13/34 MP: 5/5
  1161 | D:2      | Found a faded altar of an unknown god.
  1829 | D:3      | Reached XP level 6. HP: 39/39 MP: 6/6
  2089 | D:3      | Noticed Robin
  2132 | D:3      | Killed Robin
  2842 | D:4      | Noticed Edmund
  2863 | D:4      | Killed Edmund
  2864 | D:4      | Reached skill level 5 in Fighting
  2864 | D:4      | Reached skill level 5 in Armour
  2864 | D:4      | Reached skill level 5 in Shields
  2864 | D:4      | Reached XP level 7. HP: 42/44 MP: 7/7
  2893 | D:4      | Noticed Pikel
  2914 | D:4      | Killed Pikel
  2915 | D:4      | Reached XP level 8. HP: 31/51 MP: 8/8
  3019 | D:4      | Noticed Eustachio
  3058 | D:4      | Killed Eustachio
  3059 | D:4      | Reached skill level 5 in Maces & Flails
  3522 | D:4      | Found a staircase to the Ecumenical Temple.
  3528 | Temple   | Entered the Ecumenical Temple
  4234 | D:5      | Entered Level 5 of the Dungeon
  4629 | D:5      | Reached XP level 9. HP: 56/56 MP: 9/9
  5236 | D:6      | Noticed Blork the orc
  5245 | D:6      | Killed Blork the orc
  6210 | D:7      | Noticed a two-headed ogre
  6227 | D:7      | Killed a two-headed ogre
  6300 | D:7      | Reached XP level 10. HP: 64/64 MP: 10/10
  6893 | D:8      | Noticed a death yak
  6968 | D:8      | Noticed a death yak
  6969 | D:8      | Noticed a death yak
  7008 | D:7      | Killed a death yak
  7176 | D:7      | Killed a death yak
  7335 | D:7      | Killed a death yak
  7419 | D:8      | Found a staircase to the Lair.
  7420 | D:8      | Noticed a two-headed ogre
  7440 | D:8      | Killed a two-headed ogre
  7440 | D:8      | Noticed Maurice
  7484 | D:8      | Blown up by Maurice

Illustrated notes

Levels and vault maps discovered:
D:1:      minmay_arrival_wavy_path, layout_basic
D:2:      layout_basic, basic_altar, shapermc_ecumenical_altar_venn,
          uniq_sigmund
D:3:      layout_basic, interstate_on_off, minmay_cut_off, uniq_robin
D:4:      layout_layer_cave, minmay_temple_entry_hall, hex_large,
          grunt_decor_resistance, uniq_eustachio, uniq_edmund, uniq_pikel
D:5:      layout_basic, grunt_ministairs_15
D:6:      layout_cave_pods, uniq_blork_the_orc
D:7:      layout_loops_ring, reono_crystal_passage
D:8:      layout_loops_ring, grunt_temple_overflow_order_and_chaos_2,
          dpeg_lair_monsters, nicolae_shop_i_like_small_books_too, uniq_maurice,
          uniq_maggie, uniq_joseph
Temple:   hellmonk_temple_rainy

Skill      XL: |  1  2  3  4  5  6  7  8  9 10 |
---------------+-------------------------------+-----
Fighting       | 4 5 6 8 9 |  9.4
Maces & Flails | 3 4 5 7 8 |  8.3
Armour         | 4 5 6 8 9 |  9.3
Shields        | 4 5 6 8 9 |  9.4

Action                     |  1- 3 |  4- 6 |  7- 9 | 10-12 || total
---------------------------+-------+-------+-------+-------++-------
  Melee: Flail             |    75 |    46 |       |       ||   121
         Whip              |       |   101 |   402 |   197 ||   700
  Throw: Dart              |     4 |       |     3 |    10 ||    17
    Use: Scroll            |       |     5 |     6 |     3 ||    14
 Armour: Scale mail        |    43 |    80 |   118 |       ||   241
         Ring mail         |       |       |   116 |    80 ||   196
         Chain mail        |       |       |     4 |       ||     4
  Dodge: Dodged            |    30 |    49 |   220 |    45 ||   344
  Block: Buckler           |    15 |    36 |   148 |    35 ||   234

Table legend: (Time is in decaauts)
 A = Elapsed time spent in this place.
 B = Non-inter-level travel time spent in this place.
 C = Inter-level travel time spent in this place.
 D = Time resting spent in this place.
 E = Time spent auto-exploring this place.
 F = Levels seen in this place.
 G = Mean time per level.
                   A        B        C        D        E       F      G
               +--------+--------+--------+--------+--------+-----+--------+
         Total |   7407 |   7129 |    278 |    465 |   5226 |   9 |  823.0 |
       Dungeon |   7385 |   7107 |    278 |    465 |   5225 |   8 |  923.1 |
        Temple |     21 |     21 |      0 |      0 |      1 |   1 |   21.0 |
               +--------+--------+--------+--------+--------+-----+--------+

Top non-repeatable levels by time:
     D:4: 1550 daAuts
     D:7: 1242 daAuts
     D:3: 1174 daAuts
     D:6: 876 daAuts
     D:1: 864 daAuts
     D:2: 787 daAuts
     D:5: 745 daAuts
     D:8: 143 daAuts
  Temple: 21 daAuts
